 Seeded DCSS version 0.31-a0-1576-ga3383bade6 (webtiles) character file.

Game seed: 16090307882996012164 (custom seed)

19166 thriggle the Fighter (level 12, -3/96 HPs)
             Began as a Barachi Fighter on Dec 31, 2023.
             Was a High Priest of Nemelex Xobeh.
             Slain by a boulder beetle (12 damage)
             ... on level 11 of the Dungeon on Jan 4, 2024.
             The game lasted 00:57:23 (10019 turns).

thriggle the Fighter (Barachi Fighter)             Turns: 10019, Time: 00:57:24

Health: -3/96      AC: 18    Str: 27    XL:     12   Next: 66%
Magic:  16/16      EV: 14    Int:  5    God:    Nemelex Xobeh [*****.]
Gold:   772        SH: 11    Dex: 13    Spells: 11/11 levels left

rFire   . . .        D - +7 trident "Voikydd" {flame, *Rage rCorr Int-4 SInv}
rCold   . . .        c - +0 buckler
rNeg    . . .        V - +1 troll leather armour
rPois   .            (helmet restricted)
rElec   .            (no cloak)
rCorr   +            O - +2 pair of gloves {Str+3}
SInv    +            k - +2 pair of boots
Will    .....        A - amulet of reflection
Stlth   +++          Q - ring of Zofig {Str+3 SInv}
HPRegen 1.16/turn    f - ring of Okawaru, Teaching {AC+4 Slay+4}
MPRegen 0.15/turn

%: random rage (20%), reflection
@: unable to hop, on berserk cooldown, slowed, studying Shields, very slow
A: amphibious, slowness 1, strong legs 1, +LOS, antennae 1, hooves 1, iridescent
scales 1
a: Hop, Renounce Religion, Draw Escape, Draw Destruction, Draw Summoning, Triple
Draw, Deal Four, Stack Five


You were on level 11 of the Dungeon.
You worshipped Nemelex Xobeh.
Nemelex Xobeh was extremely pleased with you.
You visited 1 branch of the dungeon, and saw 11 of its levels.
You also visited: Bailey.

You collected 860 gold pieces.
You spent 88 gold pieces at shops.

Inventory:

Hand Weapons
 a - a +0 trident
 D - the +7 trident "Voikydd" (weapon) {flame, *Rage rCorr Int-4 SInv}
   (You found it on level 7 of the Dungeon)

   Int-4:     It affects your intelligence (-4).
   SInv:      It lets you see invisible.
   *Rage:     It berserks you when you make melee attacks (+20% chance).
   rCorr:     It protects you from acid and corrosion.
 F - a +3 trident
 S - the +5 scythe "Finisher" {speed, execute}
   (You found it on level 10 of the Dungeon)
Missiles
 e - 4 atropa-tipped darts
 h - 72 stones
 l - 5 curare-tipped darts
 r - 8 boomerangs
 s - 34 poisoned darts
 K - 29 javelins
Armour
 b - a +0 scale mail
 c - a +0 buckler (worn)
 k - a +2 pair of boots (worn)
 B - +0 steam dragon scales
 O - a +2 pair of gloves of strength (worn)
 V - a +1 troll leather armour (worn)
Jewellery
 f - the ring of Okawaru, Teaching (right hand) {AC+4 Slay+4}
   (You found it on level 7 of the Dungeon)

   [ring of protection]

   AC+4:      It affects your AC (+4).
   Slay+4:    It affects your accuracy & damage with ranged weapons and melee
   (+4).
 g - a ring of wizardry
 n - a +4 ring of protection
 t - an amulet of guardian spirit
 y - a +6 ring of intelligence
 A - an amulet of reflection (around neck)
 L - a +6 ring of dexterity
 M - a ring of wizardry
 N - a ring of fire
 Q - the ring of Zofig (left hand) {Str+3 SInv}
   (You found it on level 10 of the Dungeon)

   [ring of see invisible]

   Str+3:     It affects your strength (+3).
   SInv:      It lets you see invisible.
Wands
 G - a wand of iceblast (4)
 I - a wand of mindburst (12)
 R - a wand of flame (19)
 T - a wand of light (3) (quivered)
Scrolls
 q - a scroll of enchant weapon
 v - a scroll of revelation
 x - 2 scrolls of immolation
 z - a scroll of fog
 E - 5 scrolls of teleportation
 H - 3 scrolls of identify
 U - a scroll of vulnerability
Potions
 d - a potion of might
 i - 4 potions of haste
 j - 2 potions of heal wounds
 m - 3 potions of enlightenment
 p - 3 potions of attraction
 u - a potion of invisibility
 w - 3 potions of brilliance
 C - 2 potions of lignification
 J - 3 potions of curing
 P - a potion of mutation


   Skills:
 + Level 9.5 Fighting
 + Level 7.4 Polearms
 + Level 7.1 Throwing
 + Level 9.4 Armour
 + Level 7.5 Dodging
 + Level 7.0 Stealth
 + Level 9.1 Shields
 + Level 6.2 Invocations
 + Level 5.2 Evocations


You had 11 spell levels left.
You didn't know any spells.
Your spell library contained the following spells:

 Spells                   Type           Power      Damage    Failure   Level
 Shock                    Conj/Air       0%         1d3       54%         1
 Summon Small Mammal      Summ           0%         N/A       54%         1
 Mercury Vapours          Alch/Air       0%         N/A       69%         2
 Scorch                   Fire           0%         2d5       69%         2
 Call Canine Familiar     Summ           0%         N/A       89%         3
 Swiftness                Air            0%         N/A       89%         3
 Airstrike                Air            0%         2d(0-16)  100%        4
 Flame Wave               Conj/Fire      0%         2d4       100%        4
 Leda's Liquefaction      Alch/Erth      0%         N/A       100%        4
 Summon Blazeheart Golem  Fire/Summ      0%         N/A       100%        4
 Lee's Rapid Deconstruct  Erth           0%         3d4*      100%        5
 Bombard                  Conj/Erth      0%         9d1       100%        6
 Summon Cactus Giant      Summ           0%         N/A       100%        6
 Chain Lightning          Conj/Air       0%         N/A       100%        9


Dungeon Overview and Level Annotations

Branches:
Dungeon (11/15)            Temple (0/1) D:4            Lair (0/5) D:9
    Orc (0/2) D:9          Bailey (visited)

Altars:
Gozag
Makhleb
Nemelex Xobeh
Qazlal
Vehumet
Wu Jian
Xom
Yredelemnul

Shops:
D:2 =   D:4 !


Innate Abilities, Weirdness & Mutations

You are amphibious.
You cover ground slowly.
You can hop short distances.
You have an extended range of vision and can be seen from far away.
You have a pair of small antennae on your head.
You have large cloven feet.
You are partially covered in iridescent scales. (AC +2)


Message History

The troll leather armour is intact enough to wear.
The cyclops hits you!!
* * * LOW HITPOINT WARNING * * *
You hit the cyclops but do no damage.
The cyclops is moderately wounded.
The troll barely misses you. You block the troll's attack. The troll claws you.
* * * LOW HITPOINT WARNING * * *
You puncture the cyclops! You burn the cyclops.
The cyclops is heavily wounded.
You block the troll's attack. The troll barely misses you.
You block the troll's attack. The cyclops hits you!
* * * LOW HITPOINT WARNING * * *
You puncture the cyclops! You burn the cyclops.
The cyclops is severely wounded.
You impale the cyclops!! You burn the cyclops.
You kill the cyclops!
You block the troll's attack. x2; The troll claws you.
* * * LOW HITPOINT WARNING * * *
Your Stealth skill increases to level 7!
Unknown command.
You closely miss the troll. You barely miss the troll.
You block the troll's attack. The troll claws you but does no damage.
The troll barely misses you.
You impale the troll!! You burn the troll!
The troll is severely wounded.
The troll bites you but does no damage. You block the troll's attack.
The troll closely misses you.
You closely miss the troll.
The troll is severely wounded.
You barely miss the troll.
The troll is severely wounded.
You are no longer berserk.
You are exhausted.
You feel yourself slow down. The troll closely misses you.
The troll barely misses you. You block the troll's attack.
Hop to where?
Press: ? - help, Dir - move target Boing!
The boulder beetle bites you!
You die...
Your body glows with a rainbow of weird colours and disappears.

####...####..#. ... ).#.#.#.#....
##.#.......#.##...#.. #.#.#....
###..#.#####.#....#...#.#.#.#....
#...##.# #.#..#...#.. #.#.#....
..####.# #.#.#..#...#.#...#....
.††.#..#####.#.#....#...#...###..
...........#.#.#..$)).#.#.#.# #..
.###.####..#.#.#TB.$/#..#.#.# ###
.###.####..#.#.#@○[###..#.#.# #
.............#...###....#.#.# #
##.###.##.#..#.###......#.#.# #
..........#..#.#....#####.#.#####
#.##.#.##.#..#..........#........
.......##.#..#..#########........
...#.#....#..#..........#........
.....#.##.#..#.##...#####........
...#...##.#..#.#.#......#........


You could see a boulder beetle and a troll.

Vanquished Creatures
  Erica (D:8)
  A death knight (D:11)
  A boulder beetle (D:11)
  2 skeletal warriors
  An ugly thing (D:11)
  2 cyclopes (D:11)
  A manticore (D:11)
  2 unseen horrors (D:11)
  2 kobold demonologists (D:9)
  4 polar bears
  4 trolls
  2 slime creatures (D:11)
  3 wyverns (D:9)
  2 vampires (D:11)
  A shadow (D:10)
  An unseen horror simulacrum (D:10)
  6 yaks
  4 wraiths (D:10)
  Eustachio (D:6)
  4 vampire mosquitoes (D:11)
  2 steam dragons
  An acid dragon (D:10)
  2 water moccasins
  Duvessa (D:6)
  A swamp drake (D:10)
  19 orc warriors
  A sky beast (D:7)
  2 ice beasts
  3 ogres
  3 wolves
  15 centaurs
  A phantom (D:5)
  4 kobold brigands
  A wyvern zombie (D:7)
  3 bullfrogs
  A necrophage (D:7)
  Blork the orc (D:6)
  5 scorpions
  Dowan (D:6)
  16 wights
  9 killer bees
  An electric eel (D:10)
  2 bullfrog zombies (D:7)
  7 howler monkeys
  A centaur zombie (D:7)
  A human zombie (D:7)
  3 jellies
  8 orc priests
  3 hounds (D:5)
  2 sleepcaps
  2 gnoll boudas
  2 iguanas
  11 orc wizards
  2 killer bee zombies (D:7)
  3 centaur simulacra
  2 howler monkey zombies (D:7)
  8 gnolls
  6 adders
  9 white imps
  A howler monkey simulacrum (D:10)
  9 ufetubi
  3 ribbon worms
  11 dart slugs (D:4)
  52 orcs
  6 endoplasms
  3 giant cockroaches
  4 goblins
  9 hobgoblins
  6 jackals (D:1)
  4 quokkas
  8 ball pythons
  6 bats
  5 frilled lizards
  22 kobolds
  4 rats
363 creatures vanquished.

Vanquished Creatures (others)
  An ogre (D:6)
  An adder (D:4)
2 creatures vanquished.

Grand Total: 365 creatures vanquished

Notes
Turn   | Place    | Note
-------+----------+-------------------------------------------
     0 | D:1      | thriggle the Barachi Fighter began the quest for the Orb.
     0 | D:1      | Reached XP level 1. HP: 18/18 MP: 1/1
     0 | D:1      | Upgraded the game from 0.31-a0-1529-g7bd419a0e5 to
                  | 0.31-a0-1570-g93c622d222
    78 | D:1      | Reached XP level 2. HP: 25/25 MP: 2/2
   176 | D:1      | Reached XP level 3. HP: 30/30 MP: 3/3
   245 | D:1      | Gained mutation: Your body sometimes deteriorates upon
                  | taking damage. [potion of mutation]
   245 | D:1      | Gained mutation: You have large cloven feet. [potion of
                  | mutation]
   245 | D:1      | Gained mutation: You have a pair of small antennae on your
                  | head. [potion of mutation]
   245 | D:1      | Gained mutation: You possess an exceptional clarity of
                  | mind. [potion of mutation]
   464 | D:2      | Found a radiant altar of Vehumet.
   545 | D:2      | Found a faded altar of an unknown god.
   552 | D:2      | Prayed at the altar of an unknown god.
   552 | D:2      | Became a worshipper of Nemelex Xobeh the Trickster
   552 | D:2      | Reached * piety under Nemelex Xobeh
   570 | D:2      | Found Xusyledi's Jewellery Emporium.
   690 | D:2      | Received a gift from Nemelex Xobeh
   836 | D:2      | Reached skill level 1 in Dodging
   839 | D:2      | Reached skill level 1 in Throwing
   839 | D:2      | Reached XP level 4. HP: 32/37 MP: 4/4
   959 | D:2      | Lost mutation: Your body sometimes deteriorates upon taking
                  | damage. [potion of mutation]
   959 | D:2      | Lost mutation: You possess an exceptional clarity of mind.
                  | [potion of mutation]
   959 | D:2      | Gained mutation: You are partially covered in iridescent
                  | scales. (AC +2) [potion of mutation]
   985 | D:2      | Reached skill level 1 in Stealth
  1557 | D:3      | Reached ** piety under Nemelex Xobeh
  1981 | D:4      | Noticed an ogre
  1981 | D:4      | Found Baunaude's Distillery.
  1986 | D:4      | Killed an ogre
  1987 | D:4      | Reached skill level 1 in Invocations
  1987 | D:4      | Reached XP level 5. HP: 42/42 MP: 5/5
  2023 | D:4      | Bought a potion of invisibility for 88 gold pieces
  2102 | D:4      | Noticed an ice beast
  2121 | D:4      | Killed an ice beast
  2122 | D:4      | Reached XP level 6. HP: 38/49 MP: 6/6
  2324 | D:4      | Received a gift from Nemelex Xobeh
  2361 | D:4      | Found a shimmering altar of Xom.
  2362 | D:4      | Found an ornate altar of the Wu Jian Council.
  2500 | D:4      | Reached XP level 7. HP: 55/55 MP: 8/8
  2520 | D:4      | Found a staircase to the Ecumenical Temple.
  2970 | D:5      | Entered Level 5 of the Dungeon
  2986 | D:5      | Received a gift from Nemelex Xobeh
  3049 | D:5      | Reached *** piety under Nemelex Xobeh
  3160 | D:5      | Reached skill level 5 in Fighting
  3160 | D:5      | Reached skill level 5 in Armour
  3778 | D:6      | Reached XP level 8. HP: 62/62 MP: 9/9
  3854 | D:6      | Noticed Edmund
  3894 | D:6      | Edmund changed into Edmund the ball python
  3894 | D:6      | Noticed Edmund
  3897 | D:6      | Killed Edmund the ball python
  3937 | D:6      | Reached skill level 5 in Shields
  4092 | D:6      | Received a gift from Nemelex Xobeh
  4360 | D:6      | Noticed Eustachio
  4360 | D:6      | Noticed Blork the orc
  4369 | D:6      | Noticed Dowan
  4379 | D:6      | Killed Eustachio
  4383 | D:6      | Killed Blork the orc
  4384 | D:6      | Reached XP level 9. HP: 69/69 MP: 9/11
  4385 | D:6      | Noticed Duvessa
  4409 | D:6      | Killed Duvessa
  4416 | D:6      | Killed Dowan
  4526 | D:6      | Found a stormy altar of Qazlal.
  4800 | D:7      | Identified the ring of Okawaru, Teaching {AC+4 Slay+4}
  4840 | D:7      | Received a gift from Nemelex Xobeh
  4893 | D:7      | Identified the +7 trident "Voikydd" {flame, *Rage rCorr
                  | Int-4 SInv}
  5037 | D:7      | Reached **** piety under Nemelex Xobeh
  5142 | D:7      | Reached skill level 5 in Polearms
  5192 | D:7      | Found a basalt altar of Yredelemnul.
  5408 | D:7      | Reached skill level 5 in Dodging
  5408 | D:7      | Reached XP level 10. HP: 78/78 MP: 9/13
  5871 | D:8      | Reached skill level 5 in Throwing
  5988 | D:8      | Noticed Erica
  6064 | D:8      | Killed Erica
  6065 | D:8      | Reached skill level 5 in Stealth
  6065 | D:8      | Reached skill level 1 in Evocations
  6485 | D:9      | Reached XP level 11. HP: 86/86 MP: 14/14
  6690 | D:9      | Found a staircase to the Orcish Mines.
  6728 | D:9      | Found a staircase to the Lair.
  6761 | D:9      | Reached skill level 5 in Invocations
  6908 | D:9      | Found an opulent altar of Gozag.
  6909 | D:9      | Found a burning altar of Makhleb.
  6966 | D:9      | Noticed a sun demon
  7098 | D:10     | Entered Level 10 of the Dungeon
  7121 | D:10     | Found the +5 scythe "Finisher" {speed, execute}
  7121 | D:10     | Noticed a skeletal warrior
  7180 | D:10     | Found a flagged portal.
  7209 | Bailey   | Entered a bailey
  7209 | Bailey   | Received a gift from Nemelex Xobeh
  7363 | Bailey   | Upgraded the game from 0.31-a0-1570-g93c622d222 to
                  | 0.31-a0-1576-ga3383bade6
  7866 | Bailey   | Got Sif Muna's Exposition on the Birds
  7899 | Bailey   | Acquired a +0 pair of gloves of strength
  8347 | D:10     | Reached ***** piety under Nemelex Xobeh
  8547 | D:10     | Identified the ring of Zofig {Str+3 SInv}
  8768 | D:10     | Reached XP level 12. HP: 94/94 MP: 16/16
  8976 | D:11     | Noticed a boulder beetle
  8996 | D:11     | Killed a boulder beetle
  9944 | D:11     | Reached skill level 5 in Evocations
  9989 | D:11     | Received a gift from Nemelex Xobeh
  9989 | D:11     | Identified the ring "Koifatasi" {rF+ rCorr Str+5}
  9989 | D:11     | Noticed a death knight
 10000 | D:11     | Noticed a boulder beetle
 10006 | D:11     | Killed a death knight
 10013 | D:11     | HP: 6/144 [troll (6)]
 10019 | D:11     | Slain by a boulder beetle

Illustrated notes

Levels and vault maps discovered:
D:1:      minmay_arrival_arboretum_small, layout_rooms
D:2:      wander_river, layout_basic, shapermc_ecumenical_altar_mp_highgroup,
          serial_shops, nicolae_shop_gaudy_bauble, basic_altar,
          grunt_ministairs_3
D:3:      layout_loops_corners, serial_bayou_lagoon_b
D:4:      kennysheep_slugbush, layout_basic, nicolae_overflow_two_pavilions,
          minmay_temple_entry_butterflies, nicolae_stop_n_shop_1
D:5:      layout_loops_ring, minmay_hedge_maze
D:6:      layout_gridville, nicolae_qazlal_scattered_showers, uniq_duvessa,
          uniq_eustachio, uniq_blork_the_orc, uniq_edmund
D:7:      layout_cave_pods, lemuel_mausoleum_altar_yredelemnul, serial_glass,
          glass_columns_c, glass_columns_a, minmay_gold_behind_fungi
D:8:      lemuel_ice_spiral_2, layout_rooms, uniq_erica
D:9:      minmay_skewed_foursquare, layout_rooms,
          amethyst_overflow_temple_binary, lair_entry_dummy, david_orc_4,
          serial_ice, serial_ice_l, serial_ice_a, serial_ice_f, serial_ice_m,
          serial_ice_c, serial_ice_o, serial_ice_e
D:10:     layout_stronghold, serial_ice, serial_ice_d, serial_ice_k,
          serial_ice_m, serial_ice_n, enter_bailey_2, st_stairs_6, minivault_19,
          chequers_hall_statues_corner_a, minmay_guarded_unrand_finisher
D:11:     minmay_the_grid_triangle_9x9_line_8_mashed
          [minmay_the_grid_triangle_9x9_warning,
          minmay_the_grid_triangle_9x9_wacky_v,
          minmay_the_grid_triangle_9x9_cache,
          minmay_the_grid_triangle_9x9_sparse_checkered,
          minmay_the_grid_triangle_9x9_longest,
          minmay_the_grid_triangle_9x9_zippers_horizontal,
          minmay_the_grid_triangle_9x9_steps,
          minmay_the_grid_triangle_9x9_prize_schism], layout_basic,
          minmay_diced_spiral

Skill      XL: |  1  2  3  4  5  6  7  8  9 10 11 12 |
---------------+-------------------------------------+-----
Fighting       | 4 5 6 7 8 9 |  9.5
Dodging        | 1 2 3 5 6 7 |  7.5
Throwing       | 1 2 3 4 5 6 7 |  7.1
Armour         | 4 5 6 7 8 9 |  9.4
Stealth        | 1 2 3 4 5 6 7 |  7.0
Invocations    | 1 2 3 4 5 6 |  6.2
Polearms       | 3 4 5 6 7 |  7.4
Shields        | 4 5 6 8 9 |  9.1
Evocations     | 2 4 5 |  5.2

Action                     |  1- 3 |  4- 6 |  7- 9 | 10-12 || total
---------------------------+-------+-------+-------+-------++-------
  Melee: Trident           |   117 |   208 |   381 |   502 ||  1208
         Kick              |     6 |       |       |       ||     6
  Throw: Dart              |       |     5 |    23 |    35 ||    63
         Stone             |       |       |     3 |    11 ||    14
         Boomerang         |       |       |    20 |     5 ||    25
 Invoke: Draw Destruction  |       |       |     9 |     3 ||    12
         Draw Escape       |       |       |     1 |     1 ||     2
Ability: Hop               |       |     1 |     5 |     3 ||     9
  Evoke: Wand              |       |       |       |     1 ||     1
    Use: Scroll            |     2 |     7 |     5 |     9 ||    23
         Potion            |     1 |     2 |     3 |     1 ||     7
   Stab: Sleeping          |       |       |     4 |     7 ||    11
         Distracted        |       |       |     2 |     1 ||     3
         Invisible         |       |       |       |     1 ||     1
 Armour: Scale mail        |    65 |   126 |   135 |       ||   326
         Steam dragon scal |       |       |   104 |   251 ||   355
         Troll leather arm |       |       |       |    28 ||    28
  Dodge: Dodged            |    35 |    83 |   203 |   296 ||   617
  Block: Buckler           |    23 |    30 |   105 |   278 ||   436
         Reflection        |       |       |       |     7 ||     7

Table legend: (Time is in decaauts)
 A = Elapsed time spent in this place.
 B = Non-inter-level travel time spent in this place.
 C = Inter-level travel time spent in this place.
 D = Time resting spent in this place.
 E = Time spent auto-exploring this place.
 F = Levels seen in this place.
 G = Mean time per level.
                   A        B        C        D        E       F      G
               +--------+--------+--------+--------+--------+-----+--------+
         Total |  11920 |  11572 |    348 |    654 |   4572 |  12 |  993.3 |
       Dungeon |  11011 |  10663 |    348 |    543 |   4563 |  11 | 1001.0 |
        Bailey |    909 |    909 |      0 |    110 |      9 |   1 |  909.0 |
               +--------+--------+--------+--------+--------+-----+--------+

Top non-repeatable levels by time:
    D:11: 1335 daAuts
    D:10: 1232 daAuts
     D:6: 1180 daAuts
     D:4: 1164 daAuts
     D:7: 1153 daAuts
     D:9: 1001 daAuts
     D:3: 946 daAuts
     D:5: 914 daAuts
  Bailey: 909 daAuts
     D:2: 865 daAuts
     D:8: 674 daAuts
     D:1: 543 daAuts
